Match 43736254
Unlisted

Match 43736254
End
Construct Section Command Post
Selects Canadian Shock Battlegroup
Infantry Section
Infantry Section
Infantry Section
Construct Platoon Command Post
Humber Armored Car
Selects Offensive Resupply
Vickers Machine Gun Team
Royal Engineer Section
Infantry Section
Grenade Package
Infantry Training
Selects Incendiary Munitions
Construct Company Command Post
Crusader II Medium Tank
Selects Pyrotechnics
Crusader II Medium Tank
Foot Guards Section
Armored Vehicle Training
Unlock M3 Grant Medium Tanks
M3 Grant Medium Tank
M3 Grant Medium Tank
Symbiosis
CAuMOH
Ares
Dumbass
0
0

Comments sign in to comment!

No comments posted yet!